AoeStats
← Marcus Aurelius

Arena

510635787Analyzed
1v1 RM · 17h ago on Oct 1, 2026· 65m 3s· 2 players
Game mode
Random Map
Map size
Tiny (2 player)
Population
200
Speed
Normal
Resources
Standard
Victory
Conquest
Starting age
Dark Age
Ending age
Imperial Age
RankedLock teamsTeams togetherTeam positionsShared explorationLock speedFull tech treeHidden civsTurbo modeCheats
Victory
Defeat
🇧🇷 Saxons · Brazil
1435
+15
🇺🇸 Romans · United States
1408
-15
Marcus Aurelius
11:45 Feudal Age
12:33 Loom
15:26 Castle Age
13:16 Double-Bit Axe
14:11 Horse Collar
21:14 Wheelbarrow
21:45 Scale Mail Armor
21:09 Man-at-Arms
21:50 Squires
22:37 Forging
22:54 Squires
23:30 Heavy Plow
24:19 Long Swordsman
26:06 Chain Mail Armor
26:25 Bow Saw
27:25 Iron Casting
38:33 Imperial Age
38:59 Hand Cart
39:26 Legionary
44:20 Light Cavalry
45:10 Bloodlines
45:01 Husbandry
44:41 Capped Ram
46:01 Scale Barding Armor
46:57 Blast Furnace
46:15 Siege Ram
47:36 Chain Barding Armor
52:56 Conscription
56:05 Conscription
itaiancorrea
10:08 Feudal Age
14:01 Castle Age
13:57 Double-Bit Axe
13:56 Horse Collar
14:54 Loom
22:44 Bow Saw
24:39 Wheelbarrow
26:26 Gold Mining
26:27 Stone Mining
26:38 Heavy Plow
30:06 Imperial Age
27:24 Town Watch
27:40 Guard Tower
29:08 Masonry
29:20 Ballistics
28:53 Fletching
30:16 Fortified Wall
30:31 Treadmill Crane
31:55 Clerical Recruitment
32:56 Conscription
33:05 Hand Cart
33:23 Architecture
33:00 Siege Engineers
34:06 Keep
36:44 Bodkin Arrow
38:12 Chemistry
37:08 Murder Holes
38:37 Gold Shaft Mining
38:30 Onager
39:36 Bracer
39:36 Padded Archer Armor
39:25 Arrowslits
42:15 Leather Archer Armor
45:54 Ring Archer Armor
53:26 Hoardings
56:30 Town Patrol
56:36 Scale Mail Armor
56:47 Forging
57:04 Guilds
56:40 Shield Wall
Connection lost

Rejoining the realm…

Still unreachable

The connection could not be restored.

Session expired

The server has moved on; the page needs a fresh start.